 Dungeon Crawl Stone Soup version 0.29.1-12-g30fa7ad0bf (webtiles) character file.

Game seed: 4292557626218626082

4 Descartes the Ruffian (level 1, -3/10 HPs)
             Began as a Spriggan Wanderer on Jan 12, 2023.
             Slain by a kobold
             ... wielding a +0 dagger
              (4 damage)
             ... on level 1 of the Dungeon.
             The game lasted 00:01:16 (385 turns).

Descartes the Ruffian (Spriggan Wanderer)            Turns: 385, Time: 00:01:17

Health: -3/10      AC:  2    Str: 12    XL:     1   Next: 58%
Magic:  3/3        EV: 15    Int: 12    God:
Gold:   18         SH:  0    Dex: 11    Spells: 1/2 levels left

rFire   . . .      SeeInvis +   a - +0 dagger
rCold   . . .      Faith    .   (no shield)
rNeg    . . .      Spirit   .   f - +0 robe
rPois   .          Reflect  .   (helmet restricted)
rElec   .          Harm     .   (no cloak)
rCorr   .          Rampage  .   (gloves unavailable)
Will    .....                   (boots unavailable)
Stlth   +.........              (no amulet)
HPRegen 0.03/turn               (no ring)
MPRegen 0.08/turn               (no ring)

@: very quick
A: very small, no large weapons, unfitting armour, see invisible, speed 3
a: no special abilities


You were on level 1 of the Dungeon.
You visited 1 branch of the dungeon, and saw 1 of its levels.

You collected 18 gold pieces.

Inventory:

Hand Weapons
 a - a +0 dagger (weapon)
Missiles
 c - 7 boomerangs (quivered)
Armour
 f - a +0 robe (worn)
Scrolls
 b - a scroll of fear
 d - 2 scrolls of blinking
 e - a scroll of butterflies
 g - a scroll of identify {unknown}
 h - a scroll of torment {unknown}
 j - a scroll of poison {unknown}
Potions
 i - a potion of attraction {unknown}


   Skills:
 - Level 1.0 Fighting
 + Level 0.0 Short Blades
 - Level 1.0 Throwing
 + Level 0.0 Dodging
 + Level 0.0 Stealth
 - Level 4.1 Unarmed Combat
 + Level 1.4 Spellcasting
 + Level 0.0 Conjurations
 + Level 0.0 Hexes
 + Level 1.6 Translocations
 + Level 0.0 Transmutations
 + Level 0.0 Fire Magic
 + Level 0.0 Ice Magic
 + Level 0.0 Air Magic
 + Level 0.0 Earth Magic
 + Level 0.4 Poison Magic
 + Level 1.5 Evocations


You had one spell level left.
You knew the following spells:

 Your Spells              Type           Power      Damage    Failure   Level
a - Apportation           Tloc           8%         N/A       14%         1

Your spell library contained the following spells:

 Spells                   Type           Power      Damage    Failure   Level
 Freeze                   Ice            0%         1d3       28%         1
 Gell's Gravitas          Tloc           4%         N/A       41%         3
 Frozen Ramparts          Ice            0%         1d1       65%         3
 Hailstorm                Conj/Ice       0%         3d3       96%         4


Dungeon Overview and Level Annotations

Branches:
Dungeon (1/15)

Altars:


Innate Abilities, Weirdness & Mutations

You are very small and have problems with some larger weapons.
You are too small for most types of armour.
You have supernaturally acute eyesight. (SInv)
You cover ground extremely quickly. (Speed+++)


Message History

The hobgoblin completely misses you. The kobold closely misses you.
You hit the hobgoblin.
You kill the hobgoblin!
The kobold hits you with a +0 whip.
Ouch! That really hurt!
* * * LOW HITPOINT WARNING * * *
There is an open door here.
You close the door.
A kobold opens the door.
There is an open door here.
You see here a frilled lizard corpse.
You close the door.
There is an open door here.
Which direction?
You close the door.
You close the door.
You open the door.
You drop a scroll of butterflies.
You close the door.
Something unseen opens the door.
You open the door.
There is an open door here.
You close the door.
A kobold breaks down the door.
You open the door.
Found a white potion.
There is an open door here.
You see here a white potion.
You open the door.
There is an open door here.
Found a scroll labelled AHITEM TAEV.
As you open the door, it creaks loudly!
A kobold comes into view. It is wielding a +0 dagger.
The kobold shouts!
You barely miss the kobold. The kobold closely misses you.
You closely miss the kobold. The kobold closely misses you.
You barely miss the kobold. The kobold hits you with a +0 dagger.
* * * LOW HITPOINT WARNING * * *
You closely miss the kobold. The kobold hits you with a +0 dagger.
You die...

...##...##...##. .##
....##'##.....## ##
...##...##...##. .##
#.##.....##.##.. ..##
''#..(....#K+...♣...
#.##.....##.##.....
...##...##...##...
.†..##'##.....##K###?#
...##..###..!###@....#
#.##..## ##.####.#####
#+#..## #'###..#
....## #.....## #####
#######


You could see a kobold.

Vanquished Creatures
  An endoplasm (D:1)
  A hobgoblin (D:1)
  A frilled lizard (D:1)
  2 rats (D:1)
5 creatures vanquished.

Notes
Turn   | Place    | Note
-------+----------+-------------------------------------------
     0 | D:1      | Descartes the Spriggan Wanderer began the quest for the
                  | Orb.
     0 | D:1      | Descartes set off with the following items: a +0 dagger, a
                  | scroll of fear, 7 boomerangs, a scroll of blinking, a
                  | scroll of butterflies, a +0 robe; and the following spell
                  | memorised: Apportation; and the following spells available
                  | to memorise: Gell's Gravitas.
     0 | D:1      | Reached XP level 1. HP: 10/10 MP: 3/3
   385 | D:1      | Slain by a kobold

Illustrated notes

Levels and vault maps discovered:
D:1:      shiori_shiawase, layout_basic, minmay_misc_feat_plants,
          nicolae_hexahallways

Action                   || total
-------------------------++-------
Melee: Dagger            ||    19
       Punch             ||     1
Armor: Robe              ||     1
Dodge: Dodged            ||    12
